 Dungeon Crawl Stone Soup version 0.30-a0-250-g41c1d76940 (webtiles) character file.

Game seed: 1516947723156305042

298 gzilladon the Caller (level 6, -6/25 HPs)
             Began as a Felid Summoner on Oct 12, 2022.
             Was an Initiate of Hepliaklqana.
             Mangled by a gnoll sergeant
             ... wielding a +0 trident
              (13 damage)
             ... on level 5 of the Dungeon.
             The game lasted 00:25:49 (4930 turns).

gzilladon the Caller (Felid Summoner)               Turns: 4930, Time: 00:25:50

Health: -6/25      AC:  2    Str:  4    XL:     6   Next: 13%
Magic:  7/12       EV: 18    Int: 18    God:    Hepliaklqana [......]
Gold:   193        SH:  0    Dex: 17    Spells: 6/12 levels left
                                        Lives:  0   Deaths: 2

rFire   + . .      SeeInvis +      - Unarmed
rCold   . . .      Faith    .    (shield unavailable)
rNeg    . . .      Spirit   .    (body armour unavailable)
rPois   .          Reflect  .    (helmet unavailable)
rElec   .          Harm     .    (cloak unavailable)
rCorr   .          Rampage  .    (gloves unavailable)
Will    .....                    (boots unavailable)
Stlth   +++.......               (no amulet)
HPRegen 0.24/turn                o - ring of protection from fire
MPRegen 0.13/turn                (no ring)

@: quick
A: very small, claws 1, fangs 3, see invisible, speed 1, shaggy fur 2, stealthy
paws, no weapons or thrown items, no armour, multi-lived
a: Renounce Religion


You were on level 5 of the Dungeon.
You worshipped Hepliaklqana.
Hepliaklqana was noncommittal.
You visited 2 branches of the dungeon, and saw 6 of its levels.

You collected 193 gold pieces.

Inventory:

Jewellery
 o - a ring of protection from fire (left paw)
Scrolls
 b - 3 scrolls of blinking {unknown}
 c - 4 scrolls of noise {unknown}
 g - 2 scrolls of poison {unknown}
 j - 2 scrolls of teleportation {unknown}
 k - a scroll of silence {unknown}
 l - a scroll of identify {unknown}
 m - a scroll of magic mapping {unknown}
 q - a scroll of vulnerability {unknown}
 t - 3 scrolls of torment {unknown}
Potions
 a - 3 potions of magic
 d - a potion of curing {unknown}
 e - a potion of flight {unknown}
 f - 3 potions of might {unknown}
 h - a potion of lignification {unknown}
 i - a potion of heal wounds {unknown}
 n - a potion of invisibility {unknown}
 p - a potion of brilliance {unknown}
 r - a potion of berserk rage {unknown}
 s - a potion of mutation {unknown}


   Skills:
 + Level 0.4 Fighting
 + Level 3.7 Dodging
 + Level 4.2 Stealth
 + Level 3.2 Unarmed Combat
 + Level 3.9 Spellcasting
 + Level 1.0 Hexes
 * Level 6.3 Summonings


You had 6 spell levels left.
You knew the following spells:

 Your Spells              Type           Power      Damage    Failure   Level
a - Summon Small Mammal   Summ           100%       N/A       1%          1
b - Call Imp              Summ           26%        N/A       1%          2
c - Summon Guardian Gole  Hex/Summ       16%        N/A       10%         3

Your spell library contained the following spells:

 Spells                   Type           Power      Damage    Failure   Level
 Call Canine Familiar     Summ           26%        N/A       3%          3
 Inner Flame              Hex/Fire       5%         N/A       36%         3
 Summon Lightning Spire   Summ/Air       14%        N/A       38%         4
 Kindle Blastsparks       Fire/Tloc/Air  6%         2d10      41%         3
 Fulminant Prism          Conj/Hex       2%         3d6       77%         4
 Flame Wave               Conj/Fire      3%         2d5       83%         4
 Iskenderun's Mystic Bla  Conj/Tloc      3%         2d3       83%         4
 Sticky Flame             Conj/Fire      3%         2d3       83%         4
 Lee's Rapid Deconstruct  Erth           1%         3d5*      99%         5


Dungeon Overview and Level Annotations

Branches:
Dungeon (5/15)             Temple (1/1) D:4

Altars:
Ashenzari
Cheibriados
Fedhas
Hepliaklqana
Kikubaaqudgha
Nemelex Xobeh
Ru
Vehumet
Yredelemnul

Annotations:
D:5 Dowan, Prince Ribbit


Innate Abilities, Weirdness & Mutations

You have sharp claws.
You have razor-sharp teeth.
You have supernaturally acute eyesight. (SInv)
You cover ground quickly. (Speed+)
You are covered in thick fur. (AC +2)
Your paws help you pounce on unaware monsters.
You are incapable of wielding weapons or throwing items.
You cannot wear armour.
You gain extra lives every three experience levels.


Message History

You scratch the gnoll but do no damage.
The gnoll is moderately wounded.
The gnoll closely misses you.
You barely miss the gnoll.
The gnoll is moderately wounded.
The gnoll hits you with a +0 club!
You closely miss the gnoll.
The gnoll is moderately wounded.
The gnoll barely misses you.
You barely miss the gnoll.
The gnoll is moderately wounded.
The gnoll barely misses you.
You scratch the gnoll. You bite the gnoll, but do no damage.
The gnoll is almost dead.
The gnoll barely misses you.
You scratch the gnoll.
You kill the gnoll!
You start resting.
HP restored.
A gnoll sergeant and 2 gnolls come into view.
The gnoll sergeant is wielding a +0 trident and wearing a +0 ring mail of cold resistance.
The gnoll sergeant shouts!
The gnoll shouts! x2
The gnoll sergeant hits you from afar with a +0 trident!
Things that are here:
a +0 club; a gnoll corpse
Casting: Call Imp (safe; 1% risk of failure)
Confirm with . or Enter, or press ? or * to list all spells.
The spell is quite dangerous to miscast (10% risk of failure)!
Continue anyway?
A guardian golem appears, shielding your allies.
The gnoll sergeant hits you from afar with a +0 trident!
* * * LOW HITPOINT WARNING * * *
The gnoll hits your guardian golem with a +0 spear.
Casting: Summon Guardian Golem (quite dangerous; 10% risk of failure)
Confirm with . or Enter, or press ? or * to list all spells.
A shadowy apparition takes form in the air.
The gnoll hits your guardian golem but does no damage.
The gnoll barely misses your guardian golem.
The gnoll sergeant hits you from afar with a +0 trident!
Ouch! That really hurt!
You die...

#...#.####.#...
###.. #..##.#...
#. ..>##
#......... #.
#..###..##.#...
#.
#...#......#...
#.
#..#.#######...
# #. ####.....#
###### # #.
#5...###.#
#.....
#.###.#####@####
#.# #.####
#.....9..g..#
#.# #.#
#####g#######
#.# #.# #.
#.####.## #g
#..)....# #g
######..# #.
#F.# #. #†.# #.
#..###


You could see a gnoll sergeant (ally target), a gnoll (ally target), a friendly
guardian golem (summoned) and a friendly shadow imp (summoned).

Vanquished Creatures
  A black bear (D:5)
  2 scorpions
  An iguana (D:5)
  Terence (D:2)
  2 orc wizards (D:3)
  An adder (D:4)
  A gnoll (D:5)
  A worm (D:3)
  A dart slug (D:1)
  2 orcs
  An endoplasm (D:2)
  A giant cockroach (D:4)
  2 hobgoblins
  2 jackals (D:4)
  3 kobolds
  A quokka (D:2)
  9 ball pythons
  3 bats
  4 goblins
39 creatures vanquished.

Vanquished Creatures (collateral kills)
  Eustachio (D:4)
  2 orc wizards (D:3)
  3 adders
  A worm (D:4)
  4 orcs
  5 ball pythons
  5 endoplasms
  A giant cockroach (D:1)
  4 goblins
  4 hobgoblins
  3 kobolds
  A quokka (D:3)
  2 rats
  A rat zombie (D:3)
37 creatures vanquished.

Grand Total: 76 creatures vanquished

Notes
Turn   | Place    | Note
-------+----------+-------------------------------------------
     0 | D:1      | gzilladon the Felid Summoner began the quest for the Orb.
     0 | D:1      | Reached XP level 1. HP: 7/7 MP: 4/4
    24 | D:1      | Found a faded altar of an unknown god.
   362 | D:1      | Reached XP level 2. HP: 10/11 MP: 3/6
   488 | D:1      | Learned a level 2 spell: Call Imp
  1360 | D:2      | Reached XP level 3. HP: 8/14 MP: 7/7
  1769 | D:2      | Noticed Terence
  1827 | D:2      | Killed Terence
  2173 | D:3      | Reached XP level 4. HP: 18/18 MP: 1/8
  2206 | D:3      | Reached skill level 1 in Unarmed Combat
  2370 | D:3      | Reached skill level 5 in Summonings
  2507 | D:3      | Slain by an orc
  2508 | D:3      | Reached XP level 3. HP: -1/14 MP: 5/7
  2563 | D:3      | Found a sparkling altar of Nemelex Xobeh.
  2628 | D:3      | Found an ancient bone altar of Kikubaaqudgha.
  2765 | D:3      | Reached XP level 4. HP: 15/18 MP: 6/8
  3434 | D:4      | Noticed Eustachio
  3453 | D:4      | Killed Eustachio
  3454 | D:4      | Reached XP level 5. HP: 8/21 MP: 4/10
  3454 | D:4      | Gained mutation: You are covered in thick fur. (AC +2)
                  | [Felid growth]
  3454 | D:4      | Reached XP level 6. HP: 10/24 MP: 4/11
  3514 | D:4      | Learned a level 3 spell: Summon Guardian Golem
  3574 | D:4      | Reached skill level 6 in Summonings
  3715 | D:4      | Found a radiant altar of Vehumet.
  3879 | D:4      | Found a staircase to the Ecumenical Temple.
  3886 | Temple   | Entered the Ecumenical Temple
  3919 | Temple   | Became a worshipper of Hepliaklqana the Forgotten
  4263 | D:5      | Entered Level 5 of the Dungeon
  4263 | D:5      | Noticed an ice beast
  4313 | D:5      | Noticed Prince Ribbit
  4465 | D:5      | Noticed Dowan
  4553 | D:5      | Identified the +8 trident of Fear {flame, Dex+2}
  4603 | D:5      | Reached XP level 7. HP: 26/28 MP: 9/13
  4634 | D:5      | Reached skill level 1 in Hexes
  4830 | D:5      | Slain by Prince Ribbit
  4831 | D:5      | Reached XP level 6. HP: -2/25 MP: 8/12
  4930 | D:5      | Mangled by a gnoll sergeant

Illustrated notes

Levels and vault maps discovered:
D:1:      amcnicky_arrival_blooded_trapdoor, layout_loops_cross,
          chequers_ecumenical_altar_simple, minmay_misc_feat_tiny
D:2:      layout_loops_ring, minmay_crystal_water, uniq_terence
D:3:      layout_basic, nemelex_diamond_rough_becter,
          lemuel_zombie_altar_kikubaaqudgha
D:4:      layout_loops_ring, fiery_altar_vehumet,
          minmay_temple_entry_nine_rooms, minmay_manual_mess, uniq_eustachio
D:5:      layout_loops_ring, st_stairs_6, minmay_misc_feat_square,
          uniq_prince_ribbit1, uniq_duvessa, uniq_menkaure
Temple:   nicolae_temple_superstar

Skill      XL: |  1  2  3  4  5  6  7 |
---------------+----------------------+-----
Stealth        | 3 4 |  4.2
Dodging        | 3 |  3.7
Unarmed Combat | 2 3 |  3.2
Summonings     | 5 6 |  6.3
Spellcasting   | 3 |  3.9
Hexes          | 1 |  1.0
Fighting       | |  0.4

Action                   |  1- 3 |  4- 6 |  7- 9 || total
-------------------------+-------+-------+-------++-------
Melee: Unarmed           |    64 |   131 |    23 ||   218
       Bite              |     4 |    18 |     6 ||    28
 Cast: Summon Small Mamm |    25 |    19 |     2 ||    46
       Call Imp          |    18 |    16 |     5 ||    39
       Summon Guardian G |       |     5 |     1 ||     6
 Stab: Sleeping          |     6 |     6 |       ||    12
Armor: Skin              |     3 |     4 |     3 ||    10
Dodge: Dodged            |    67 |   102 |    12 ||   181

Table legend: (Time is in decaauts)
 A = Elapsed time spent in this place.
 B = Non-inter-level travel time spent in this place.
 C = Inter-level travel time spent in this place.
 D = Time resting spent in this place.
 E = Time spent auto-exploring this place.
 F = Levels seen in this place.
 G = Mean time per level.
                   A        B        C        D        E       F      G
               +--------+--------+--------+--------+--------+-----+--------+
         Total |   4313 |   3838 |    475 |   1302 |      0 |   6 |  718.8 |
       Dungeon |   4261 |   3786 |    475 |   1302 |      0 |   5 |  852.2 |
        Temple |     52 |     52 |      0 |      0 |      0 |   1 |   52.0 |
               +--------+--------+--------+--------+--------+-----+--------+

Top non-repeatable levels by time:
     D:1: 1180 daAuts
     D:3: 971 daAuts
     D:4: 859 daAuts
     D:2: 716 daAuts
     D:5: 533 daAuts
  Temple: 52 daAuts
